 Dungeon Crawl Stone Soup version 0.27-a0-1242-ge70438ac7b (webtiles) character file.

Game seed: 15992539434217283141

224 Delamore the Poker (level 6, -7/50 HPs)
             Began as a Formicid Fighter on June 9, 2021.
             Killed by nerve-wracking pain
             ... invoked by a shadow imp
              (12 damage)
             ... on level 5 of the Dungeon.
             The game lasted 00:02:44 (2643 turns).

Delamore the Poker (Formicid Fighter)               Turns: 2643, Time: 00:02:44

Health: -7/50      AC:  6    Str: 23    XL:     6   Next: 20%
Magic:  6/6        EV:  8    Int:  7    God:
Gold:   99         SH:  9    Dex: 10    Spells: 5/5 levels left

rFire    . . .     SeeInvis +   a - +1 trident
rCold    . . .     Faith    .   c - +0 kite shield
rNeg     . . .     Spirit   .   b - +0 scale mail
rPois    .         Reflect  .   (helmet unavailable)
rElec    .         Harm     .   (no cloak)
rCorr    .         Rampage  .   (no gloves)
Will     .....                  (no boots)
Stlth    ..........             (no amulet)
HPRegen  0.16/turn              (no ring)
MPRegen  0.10/turn              (no ring)

@: no status effects
A: permanent stasis, dig shafts and tunnels, antennae 3, four strong arms
a: Dig, Shaft Self


You were on level 5 of the Dungeon.
You visited 1 branch of the dungeon, and saw 4 of its levels.
You also visited: Ossuary.

You collected 99 gold pieces.

Inventory:

Hand Weapons
 a - a +1 trident (weapon)
Missiles
 f - 7 boomerangs (quivered)
 h - 2 throwing nets
Armour
 b - a +0 scale mail (worn)
 c - a +0 kite shield (worn)
Jewellery
 k - a ring of positive energy
Scrolls
 e - 2 scrolls of teleportation {unknown}
 g - 2 scrolls of silence
Potions
 d - 4 potions of might
 i - a potion of cancellation
 j - a potion of brilliance


   Skills:
 + Level 4.8 Fighting
 * Level 5.1 Polearms
 - Level 3.2 Armour
 - Level 3.6 Shields


You had 5 spell levels left.
You didn't know any spells.
Your spell library was empty.

Dungeon Overview and Level Annotations

Branches:
Dungeon (5/15)            Ossuary (visited)
 Temple: D:4-7

Altars:

Annotations:
D:5 Edmund


Innate Abilities, Weirdness & Mutations

You cannot be hasted, slowed, berserked, paralysed or teleported.
You can dig through walls and to a lower floor.
You have a pair of large antennae on your head. (SInv)
Your four strong arms can wield two-handed weapons with a shield.


Message History

You feel sick.
The shadow imp hits you but does no damage.
Found 19 stones.
You feel sick.
You are no longer poisoned.
You block the shadow imp's attack. The scorpion stings you.
* * * LOW HITPOINT WARNING * * *
It was a potion of brilliance.
You feel clever all of a sudden. You block the shadow imp's attack.
It was a potion of cancellation.
Your magical effects are unravelling.
You feel magically purged.
You feel a little less clever now. You block the shadow imp's attack.
It was a potion of flight.
You feel very buoyant.
You fly up into the air.
You block the shadow imp's attack. The shadow imp gestures at you.
You struggle to resist.
You extend your mandibles.
You dig through the rock wall.
The shadow imp gestures at you. Pain shoots through your body!
* * * LOW HITPOINT WARNING * * *
You dig through the rock wall.
You dig through the rock wall.
You dig through the rock wall.
You dig through the rock wall.
You dig through the rock wall.
You are starting to lose your buoyancy.
You dig through the rock wall.
You dig through the rock wall.
You dig through the rock wall.
You retract your mandibles.
Found a scroll labelled VAX FEARCHI MIA.
You float gracefully downwards.
The shadow imp gestures at you. Pain shoots through your body!
You die...

..........## .#
.........#.## .#
.........##.###..#
...........@.....########
...............{{.{..{.{{
.....=.<.############{###
.........# #.# ......(.$#
##{#
####....@###########{.#
...!......##{#.#.#.#.#
######.##.#.#{#.#.##...
#.#..5############.
#.#.....?...#
#.#...#####.# ..##### ##


You could see a shadow imp.

Vanquished Creatures
  An elf zombie (Ossuary)
  2 centaur zombies (Ossuary)
  2 mummies (Ossuary)
  3 adder zombies (Ossuary)
  A dart slug (D:1)
  An orc (D:4)
  An endoplasm (D:2)
  4 giant cockroaches
  3 hobgoblins
  4 jackals (D:2)
  3 ball pythons
  3 frilled lizards (D:1)
  2 goblin zombies (Ossuary)
  9 hobgoblin zombies (Ossuary)
  3 jackal zombies (Ossuary)
  2 kobolds (D:1)
  7 kobold zombies (Ossuary)
  9 orc zombies (Ossuary)
  2 rats (D:1)
  A rat zombie (Ossuary)
63 creatures vanquished.

Notes
Turn   | Place    | Note
-------+----------+-------------------------------------------
     0 | D:1      | Delamore the Formicid Fighter began the quest for the Orb.
     0 | D:1      | Reached XP level 1. HP: 18/18 MP: 1/1
   265 | D:1      | Reached XP level 2. HP: 24/24 MP: 2/2
  1403 | D:2      | Reached XP level 3. HP: 29/29 MP: 3/3
  1405 | D:2      | Reached skill level 3 in Polearms
  1512 | D:2      | You fall into a shaft and drop 2 floors!
  1630 | D:4      | Noticed Edmund
  1642 | D:5      | Entered Level 5 of the Dungeon
  1646 | D:5      | Noticed a sky beast
  1667 | D:5      | Found a sand-covered staircase.
  1674 | Ossuary  | Entered an ossuary
  2025 | Ossuary  | Reached XP level 4. HP: 35/37 MP: 4/4
  2124 | Ossuary  | Reached skill level 4 in Polearms
  2124 | Ossuary  | Reached XP level 5. HP: 31/42 MP: 5/5
  2386 | Ossuary  | Reached skill level 5 in Polearms
  2386 | Ossuary  | Reached XP level 6. HP: 28/50 MP: 6/6
  2631 | D:5      | HP: 2/50 [shadow imp/nerve-wracking pain (3)]
  2643 | D:5      | Killed from afar by a shadow imp

Illustrated notes

Levels and vault maps discovered:
D:1:      mrwooster_arrival_arrow, layout_basic
D:2:      layout_basic, minmay_misc_feat_x, minmay_lizard_pond
D:4:      layout_rooms, amcnicky_altar_gilded, uniq_edmund
D:5:      layout_loops_ring, lightli_temple_of_fire, overflow_temple_1_default,
          enter_ossuary_3

Skill      XL: |  1  2  3  4  5 |
---------------+----------------+-----
Polearms       | 3 4 5 |  5.1
Fighting       | 4 |  4.8
Armour         | |  3.2
Shields        | |  3.6

Action                   |  1- 3 |  4- 6 || total
-------------------------+-------+-------++-------
Melee: Trident           |   128 |   102 ||   230
Throw: Boomerang         |     3 |       ||     3
 Abil: Dig               |     5 |     1 ||     6
  Use: Scroll            |     4 |     1 ||     5
       Potion            |       |     3 ||     3
Armor: Scale mail        |    52 |    52 ||   104
Dodge: Dodged            |    29 |    52 ||    81
Block: Kite shield       |    64 |    69 ||   133

Table legend: (Time is in decaauts)
 A = Elapsed time spent in this place.
 B = Non-inter-level travel time spent in this place.
 C = Inter-level travel time spent in this place.
 D = Time resting spent in this place.
 E = Time spent auto-exploring this place.
 F = Levels seen in this place.
 G = Mean time per level.
                   A        B        C        D        E       F      G
               +--------+--------+--------+--------+--------+-----+--------+
         Total |   2719 |   2692 |     27 |    534 |   1599 |   5 |  543.8 |
       Dungeon |   1785 |   1758 |     27 |    180 |   1269 |   4 |  446.2 |
       Ossuary |    934 |    934 |      0 |    354 |    330 |   1 |  934.0 |
               +--------+--------+--------+--------+--------+-----+--------+

Top non-repeatable levels by time:
     D:1: 1368 daAuts
 Ossuary: 934 daAuts
     D:2: 167 daAuts
     D:4: 136 daAuts
     D:5: 114 daAuts
